 Dungeon Crawl Stone Soup version 0.28-a0-1485-g077359a4bf (webtiles) character file.

Game seed: 10177084578585003688

498 Hasart the Ducker (level 6, 0/55 HPs)
             Began as a Deep Dwarf Transmuter on Jan 11, 2022.
             Was an Initiate of Gozag.
             Slain by an iguana (2 damage)
             ... on level 5 of the Dungeon.
             The game lasted 00:09:08 (4208 turns).

Hasart the Ducker (Deep Dwarf Transmuter)           Turns: 4208, Time: 00:09:09

Health: 0/55       AC: 11    Str: 18    XL:     6   Next: 94%
Magic:  9/10       EV: 10    Int: 21    God:    Gozag
Gold:   23         SH:  0    Dex:  9    Spells: 8/11 levels left

rFire   . . .      SeeInvis +     - Unarmed
rCold   . . .      Faith    .   (no shield)
rNeg    + + .      Spirit   .   u - +2 scale mail of Jigsaw {rN++ Str+2 Int+8 Dex-4}
rPois   .          Reflect  .   t - +2 helmet {SInv}
rElec   .          Harm     .   (no cloak)
rCorr   .          Rampage  .   (no gloves)
Will    .....                   (no boots)
Stlth   ..........              (no amulet)
HPRegen 0.00/turn               (no ring)
MPRegen 0.12/turn               (no ring)

@: wereblooded
A: damage resistance, heal wounds, sense surroundings 1, no regeneration
a: Heal Wounds, Renounce Religion, Potion Petition, Call Merchant, Bribe Branch


You were on level 5 of the Dungeon.
You worshipped Gozag.
Gozag was noncommittal.
You visited 1 branch of the dungeon, and saw 5 of its levels.

You collected 466 gold pieces.
You spent 412 gold pieces at shops.
You paid 31 gold pieces to Gozag.

Inventory:

Missiles
 m - 3 curare-tipped darts (quivered)
 p - 26 poisoned darts
Armour
 a - a +0 robe
 b - a +0 ring mail
 h - a +0 tower shield
 t - a +2 helmet of see invisible (worn)
 u - the +2 scale mail of Jigsaw (worn) {rN++ Str+2 Int+8 Dex-4}
   (You bought it in a shop on level 1 of the Dungeon)

   Str:       It affects your strength (+2).
   Int:       It affects your intelligence (+8).
   Dex:       It affects your dexterity (-4).
   rN:        It greatly protects you from negative energy.
Scrolls
 c - 4 scrolls of enchant armour {unknown}
 f - a scroll of magic mapping {unknown}
 g - 2 scrolls of identify {unknown}
 k - a scroll of fear {unknown}
 l - 2 scrolls of immolation {unknown}
 n - a scroll of holy word {unknown}
 o - 2 scrolls of teleportation {unknown}
 r - a scroll of amnesia {unknown}
Potions
 d - 3 potions of heal wounds {unknown}
 e - a potion of might {unknown}
 i - a potion of brilliance {unknown}
 j - 2 potions of invisibility {unknown}
 q - a potion of cancellation {unknown}
 s - a potion of lignification {unknown}


   Skills:
 + Level 2.8 Fighting
 + Level 1.4 Throwing
 + Level 3.9 Dodging
 + Level 3.9 Unarmed Combat
 + Level 3.1 Spellcasting
 + Level 3.2 Transmutations


You had 8 spell levels left.
You knew the following spells:

 Your Spells              Type           Power      Damage    Failure   Level
a - Beastly Appendage     Tmut           34%        N/A       12%         1
b - Wereblood             Tmut           17%        N/A       19%         2

Your spell library contained the following spells:

 Spells                   Type           Power      Damage    Failure   Level
 Ensorcelled Hibernation  Hex/Ice        6%         N/A       56%         2
 Spider Form              Tmut/Pois      10%        N/A       56%         3
 Ice Form                 Ice/Tmut       10%        N/A       92%         4
 Anguish                  Hex/Necr       1%         N/A       99%         4


Dungeon Overview and Level Annotations

Branches:
Dungeon (5/15)
 Temple: D:4-7

Altars:
Elyvilon
Gozag
Makhleb
Sif Muna
Wu Jian
The Shining One

Shops:
D:1 [


Innate Abilities, Weirdness & Mutations

You are resistant to damage.
You can heal yourself by infusing magical energy.
You passively map a small area around you.
You do not regenerate.


Message History

Unknown command.
You closely miss the iguana.
The iguana bites you but does no damage.
You hit the iguana.
The iguana is lightly wounded.
The iguana bites you!
* * * LOW HITPOINT WARNING * * *
You hit the iguana but do no damage.
The iguana is lightly wounded.
The iguana barely misses you.
You barely miss the iguana.
The iguana is lightly wounded.
You hit the iguana.
The iguana is heavily wounded.
The iguana bites you but does no damage.
You hit the iguana.
The iguana is heavily wounded.
The iguana bites you but does no damage.
You hit the iguana but do no damage.
The iguana is heavily wounded.
The iguana barely misses you.
You hit the iguana but do no damage.
The iguana is heavily wounded.
The iguana bites you.
* * * LOW HITPOINT WARNING * * *
You hit the iguana but do no damage.
The iguana is heavily wounded.
The iguana closely misses you.
You hit the iguana but do no damage.
The iguana is heavily wounded.
The iguana bites you!
* * * LOW HITPOINT WARNING * * *
You barely miss the iguana.
The iguana is heavily wounded.
The iguana bites you but does no damage.
You hit the iguana. Your punch misses the iguana.
The iguana is severely wounded.
The iguana bites you.
You die...
Your body crumbles into a pile of gold.

* .. ,....... , ..?
....... , * # #.#,/....#
*** * * ,,.,... .....#
#.#.# .....# # #.#.#
.....# , #.#.#.##.(...#
...... ###......@l<...#
....., ........##.....#
,,..., #######.# .....#
*,,... #.# .....# * #.# *
* #.#*###### #.#
*######.##############.###
.(......................[.
#######.###############.##
#.# #..#


You could see an iguana.

Vanquished Creatures
  A necrophage (D:5)
  A water moccasin skeleton (D:4)
  2 hounds (D:4)
  A bullfrog skeleton (D:5)
  A gnoll shaman (D:5)
  An iguana (D:4)
  A hound zombie (D:5)
  2 hound skeletons (D:4)
  5 gnolls (D:5)
  7 adders
  An ufetubus (D:5)
  2 dart slugs
  3 orcs (D:3)
  6 ball pythons
  8 endoplasms
  2 giant cockroaches (D:1)
  8 goblins
  2 hobgoblins (D:3)
  4 quokkas
  10 bats
  4 frilled lizards
  7 kobolds
  2 rats (D:3)
81 creatures vanquished.

Notes
Turn   | Place    | Note
-------+----------+-------------------------------------------
     0 | D:1      | Hasart the Deep Dwarf Transmuter began the quest for the
                  | Orb.
     0 | D:1      | Reached XP level 1. HP: 16/16 MP: 3/3
    73 | D:1      | Reached skill level 1 in Fighting
   280 | D:1      | Reached XP level 2. HP: 13/25 MP: 4/4
   283 | D:1      | Learned a level 2 spell: Wereblood
   324 | D:1      | Found a faded altar of an unknown god.
   450 | D:1      | Found Kusias's Antique Armour Emporium.
   944 | D:2      | Reached XP level 3. HP: 29/31 MP: 3/6
  1542 | D:3      | Reached XP level 4. HP: 32/39 MP: 1/7
  1832 | D:3      | Found a shimmering blue altar of Sif Muna.
  1832 | D:3      | Found a white marble altar of Elyvilon.
  1853 | D:3      | Found an opulent altar of Gozag.
  1855 | D:3      | Found a glowing golden altar of the Shining One.
  1859 | D:3      | Found an ornate altar of the Wu Jian Council.
  1863 | D:3      | Found a burning altar of Makhleb.
  1903 | D:3      | Became a worshipper of Gozag Ym Sagoz the Greedy
  2474 | D:4      | Reached XP level 5. HP: 37/45 MP: 5/8
  2477 | D:4      | Noticed an ogre
  3377 | D:4      | Reached XP level 6. HP: 30/55 MP: 7/10
  3471 | D:5      | Entered Level 5 of the Dungeon
  3497 | D:5      | Reached skill level 1 in Throwing
  3815 | D:1      | Bought a glowing helmet for 187 gold pieces
  3815 | D:1      | Bought a translucent scale mail for 225 gold pieces
  3815 | D:1      | Identified the +2 scale mail of Jigsaw {rN++ Str+2 Int+8
                  | Dex-4} (You bought it in a shop on level 1 of the Dungeon)
  4206 | D:5      | HP: 2/55 [iguana (10)]
  4208 | D:5      | Slain by an iguana

Illustrated notes

Levels and vault maps discovered:
D:1:      shiori_arrival_whats_in_store_for_you, layout_basic, serial_shops,
          nicolae_square_shop, dreamdust_ecumenical_altar_statues
D:2:      layout_rooms
D:3:      layout_basic, nicolae_overflow_hallway_of_the_gods
D:4:      layout_basic, minivault_19, corexii_leaking_fountain
D:5:      layout_basic, kennysheep_generic_room_7

Skill      XL: |  1  2  3  4  5  6 |
---------------+-------------------+-----
Fighting       | 1 2 |  2.8
Transmutations | 2 3 |  3.2
Spellcasting   | 2 3 |  3.1
Unarmed Combat | 3 |  3.9
Dodging        | 3 |  3.9
Throwing       | 1 |  1.4

Action                   |  1- 3 |  4- 6 || total
-------------------------+-------+-------++-------
Melee: Unarmed           |   178 |   247 ||   425
       Punch             |     5 |     8 ||    13
       Headbutt          |     2 |    13 ||    15
       Kick              |     1 |    26 ||    27
 Cast: Wereblood         |    12 |    15 ||    27
       Beastly Appendage |     2 |    13 ||    15
 Stab: Sleeping          |     1 |       ||     1
Armor: Robe              |     9 |       ||     9
       Ring mail         |    55 |    67 ||   122
       Scale mail        |       |    16 ||    16
Dodge: Dodged            |   126 |   130 ||   256

Table legend: (Time is in decaauts)
 A = Elapsed time spent in this place.
 B = Non-inter-level travel time spent in this place.
 C = Inter-level travel time spent in this place.
 D = Time resting spent in this place.
 E = Time spent auto-exploring this place.
 F = Levels seen in this place.
 G = Mean time per level.
                   A        B        C        D        E       F      G
               +--------+--------+--------+--------+--------+-----+--------+
         Total |   4186 |   3744 |    442 |    120 |   2701 |   5 |  837.2 |
       Dungeon |   4186 |   3744 |    442 |    120 |   2701 |   5 |  837.2 |
               +--------+--------+--------+--------+--------+-----+--------+

Top non-repeatable levels by time:
     D:3: 1148 daAuts
     D:4: 1029 daAuts
     D:1: 1004 daAuts
     D:2: 645 daAuts
     D:5: 358 daAuts
